 Dungeon Crawl Stone Soup version 0.27.1-34-g3ba077fa99 (webtiles) character file.

Game seed: 2296131292512612600

2638 belegose the Fighter (level 9, -1/96 HPs)
             Began as a Troll Monk on Jan 5, 2022.
             Slain by Harold (12 damage)
             ... on level 7 of the Dungeon.
             The game lasted 00:15:09 (5678 turns).

belegose the Fighter (Troll Monk)                   Turns: 5678, Time: 00:15:10

Health: -1/96      AC:  8    Str: 23    XL:     9   Next: 35%
Magic:  8/8        EV: 14    Int:  7    God:
Gold:   163        SH:  0    Dex: 12    Spells: 8/8 levels left

rFire    + . .     SeeInvis .   t - +10 hand axe of Gallantry {vorpal, Str+2}
rCold    . . .     Faith    .   (no shield)
rNeg     . . .     Spirit   .   y - +1 robe "Wuodog" {Fly Will+}
rPois    .         Reflect  .   (helmet restricted)
rElec    .         Harm     .   x - +0 cloak
rCorr    .         Rampage  .   (gloves unavailable)
Will     ++...                  (boots unavailable)
Stlth    ++........             i - amulet of magic regeneration
HPRegen  1.26/turn              e - ring of protection from fire
MPRegen  0.36/turn              k - +4 ring of evasion

@: marked, flying, studying 2 skills
A: large, unfitting armour, claws 3, regeneration 1, shaggy fur 1, tough skin 1,
horns 1, iridescent scales 1, dopey 1, strong-willed 1
a: no special abilities


You were on level 7 of the Dungeon.
You visited 2 branches of the dungeon, and saw 8 of its levels.

You collected 366 gold pieces.
You spent 203 gold pieces at shops.

Inventory:

Hand Weapons
 a - a +0 mace
 b - a +0 dagger of venom
 s - a +2 falchion of holy wrath
 t - the +10 hand axe of Gallantry (weapon) {vorpal, Str+2}
   (You bought it in a shop on level 5 of the Dungeon)

   It inflicts extra damage upon your enemies.
   Str:       It affects your strength (+2).
Missiles
 g - 171 stones
 l - 7 javelins (quivered)
 u - 19 boomerangs
Armour
 x - a +0 cloak (worn)
 y - the +1 robe "Wuodog" (worn) {Fly Will+}
   (You found it on level 6 of the Dungeon)

   Fly:       It grants you flight.
   Will:      It increases your willpower.
Jewellery
 e - a ring of protection from fire (left claw)
 i - an amulet of magic regeneration (around neck)
 k - a +4 ring of evasion (right claw)
Wands
 v - a wand of paralysis (11)
 w - a wand of mindburst (12)
Scrolls
 c - 5 scrolls of immolation {unknown}
 d - 5 scrolls of teleportation {unknown}
 f - 3 scrolls of summoning {unknown}
 h - 3 scrolls of identify {unknown}
 j - 3 scrolls of blinking {unknown}
 o - 5 scrolls of fog {unknown}
 p - 3 scrolls of noise {unknown}
Potions
 m - 2 potions of brilliance {unknown}
 n - 3 potions of flight {unknown}
 q - a potion of curing {unknown}
 r - a potion of haste


   Skills:
 + Level 8.0 Fighting
 + Level 6.4(7.1) Axes
 - Level 5.0(6.7) Maces & Flails
 - Level 2.4 Dodging
 - Level 1.0 Stealth


You had 8 spell levels left.
You didn't know any spells.
Your spell library contained the following spells:

 Spells                   Type           Power      Damage    Failure   Level
 Blink                    Tloc           N/A        N/A       56%         2
 Passwall                 Tmut/Erth      0%         N/A       56%         2
 Poisonous Vapours        Pois/Air       0%         N/A       56%         2
 Lesser Beckoning         Tloc           0%         N/A       80%         3
 Swiftness                Air            0%         N/A       80%         3
 Olgreb's Toxic Radiance  Pois           0%         N/A       99%         4
 Blade Hands              Tmut           0%         N/A       100%        5
 Manifold Assault         Tloc           0%         N/A       100%        5
 Invisibility             Hex            0%         N/A       100%        6


Dungeon Overview and Level Annotations

Branches:
Dungeon (7/15)             Temple (1/1) D:4

Altars:
Ashenzari
Cheibriados
Dithmenos
Elyvilon
Fedhas
Gozag
Hepliaklqana
Kikubaaqudgha
Makhleb
Nemelex Xobeh
Okawaru
Qazlal
Ru
Sif Muna
Trog
Uskayaw
Vehumet
Wu Jian
Xom

Shops:
D:1 !   D:5 (

Annotations:
D:2 1 runed translucent door, exclusion: door, Crazy Yiuf
D:5 1 runed translucent door, exclusion: door, Sharkman1231's ghost, weakling DsDe
D:7 Harold


Innate Abilities, Weirdness & Mutations

You are too large for most types of armour.
You have claws for hands.
Your natural rate of healing is unusually fast.
You are covered in fur. (AC +1)
You have tough skin. (AC +1)
You have a pair of small horns on your head.
You are partially covered in iridescent scales. (AC +2)
You are dopey. (Int -2)
You are strong-willed. (Will+)


Message History

The shadow imp hits you but does no damage.
You hit the shadow imp. Your headbutt misses the shadow imp.
The shadow imp is moderately wounded.
The shadow imp completely misses you.
You slash the shadow imp!
You kill the shadow imp!
You reach down and open the door.
Harold the Weathered comes into view.
He is wielding a +0 battleaxe.
There is an open door here.
Harold shouts!
Harold hits you with a +0 battleaxe!
You hit Harold.
Harold is lightly wounded.
Harold hits you but does no damage.
You slash Harold! Your headbutt misses Harold.
Harold is lightly wounded.
Harold hits you with a +0 battleaxe!
You hit Harold.
Harold is moderately wounded.
Harold points at you and mumbles some strange words.
A sentinel's mark forms upon you.
You barely miss Harold. You headbutt Harold, but do no damage.
Harold is moderately wounded.
Harold hits you with a +0 battleaxe!!
You hit Harold. You headbutt Harold.
Harold is moderately wounded.
You slash Harold! You headbutt Harold.
Harold is heavily wounded.
Harold closely misses you.
You completely miss Harold.
Harold is heavily wounded.
Harold hits you with a +0 battleaxe!
You hit Harold. Your headbutt misses Harold.
Harold is heavily wounded.
Harold hits you with a +0 battleaxe!!
* * * LOW HITPOINT WARNING * * *
You hit Harold.
Harold is severely wounded.
Harold hits you with a +0 battleaxe!
You die...

........#....# #.#.......<)#)..#
#########.#######.#.######..##...
# #.....).....# ##..##.# #
#.#.######### ##..... # #.#.#
######.# #...... # #.#.# #....#.#
#.##### # #.#.# #....#.# #.#####
# #.#.# #..@.#.# #.#.... # #.#.#
#..@.#.# #.#.... # #.#.# #....#.#
#.#.... #
#.#.####....#.#######'#.... #
........'.............. #
..##....#.##........... # ..
#########........... # .
+........... # #...........
#...........


You could see Harold.

Vanquished Creatures
  A two-headed ogre (D:6)
  Pikel (D:7)
  A hornet (D:6)
  A sky beast (D:5)
  An ogre (D:5)
  3 centaurs
  2 lemures (D:7)
  A bullfrog (D:6)
  3 scorpions
  2 water moccasin skeletons
  A howler monkey (D:6)
  A bullfrog zombie (D:5)
  A jelly (D:6)
  2 hounds (D:4)
  4 centaur skeletons
  A bullfrog skeleton (D:5)
  3 iguanas (D:6)
  Robin (D:4)
  4 gnolls (D:7)
  8 adders
  A shadow imp (D:7)
  2 ufetubi (D:5)
  2 adder skeletons (D:4)
  4 dart slugs
  12 orcs
  14 ball pythons
  9 endoplasms
  A giant cockroach (D:4)
  18 goblins
  13 hobgoblins
  6 quokkas
  7 bats
  3 frilled lizards
  A kobold (D:1)
  6 rats
141 creatures vanquished.

Vanquished Creatures (others)
  2 withered plants (D:5)
2 creatures vanquished.

Grand Total: 143 creatures vanquished

Notes
Turn   | Place    | Note
-------+----------+-------------------------------------------
     0 | D:1      | belegose the Troll Monk began the quest for the Orb.
     0 | D:1      | Reached XP level 1. HP: 22/22 MP: 0/0
    12 | D:1      | You fall into a shaft and drop 1 floor!
   236 | D:1      | Reached XP level 2. HP: 29/29 MP: 1/1
   294 | D:1      | Found Duweilus's Distillery.
   321 | D:1      | Bought a potion of degeneration for 11 gold pieces
   489 | D:1      | Reached skill level 3 in Fighting
   494 | D:1      | Reached XP level 3. HP: 36/37 MP: 2/2
   876 | D:2      | You fall into a shaft and drop 2 floors!
  1026 | D:4      | Noticed Robin
  1062 | D:4      | Found a staircase to the Ecumenical Temple.
  1105 | Temple   | Entered the Ecumenical Temple
  1157 | D:4      | Killed Robin
  1158 | D:4      | Reached XP level 4. HP: 44/45 MP: 3/3
  1664 | D:2      | You fall into a shaft and drop 2 floors!
  1770 | D:2      | Found a burning altar of Makhleb.
  2131 | D:2      | Found a runed translucent door.
  2132 | D:2      | Noticed Crazy Yiuf
  2555 | D:3      | Found an ornate altar of the Wu Jian Council.
  2651 | D:3      | Reached XP level 5. HP: 46/54 MP: 4/4
  2906 | D:3      | Gained mutation: You are dopey. (Int -2) [potion of
                  | mutation]
  2906 | D:3      | Gained mutation: You have a pair of small horns on your
                  | head. [potion of mutation]
  2906 | D:3      | Gained mutation: You are partially covered in iridescent
                  | scales. (AC +2) [potion of mutation]
  2906 | D:3      | Gained mutation: You are strong-willed. (Will+) [potion of
                  | mutation]
  2910 | D:3      | Reached skill level 4 in Fighting
  3331 | D:4      | Got the Almanac of Noxious Transmigration
  3368 | D:4      | Reached XP level 6. HP: 58/63 MP: 5/5
  3667 | D:4      | Found a burning altar of Makhleb.
  3667 | D:4      | Found a white marble altar of Elyvilon.
  3888 | D:5      | Entered Level 5 of the Dungeon
  3888 | D:5      | Found Zixius's Antique Weapon Emporium.
  3897 | D:5      | Reached skill level 5 in Maces & Flails
  3901 | D:5      | Bought a dazzling hand axe for 192 gold pieces
  3901 | D:5      | Identified the +10 hand axe of Gallantry {vorpal, Str+2}
                  | (You bought it in a shop on level 5 of the Dungeon)
  3999 | D:5      | Reached skill level 1 in Axes
  4086 | D:5      | Reached skill level 5 in Fighting
  4086 | D:5      | Reached XP level 7. HP: 72/72 MP: 6/6
  4168 | D:5      | Found an ancient bone altar of Kikubaaqudgha.
  4258 | D:5      | Found a runed translucent door.
  4262 | D:5      | Noticed Sharkman1231's ghost (weakling DsDe)
  4510 | D:5      | Found a shimmering altar of Xom.
  4515 | D:5      | Found an iron altar of Okawaru.
  4520 | D:5      | Found a hazy altar of Hepliaklqana.
  4532 | D:5      | Found a sparkling altar of Nemelex Xobeh.
  4538 | D:5      | Found a shimmering blue altar of Sif Muna.
  4768 | D:6      | Noticed a hornet
  4771 | D:6      | Killed a hornet
  4798 | D:6      | Identified the +1 robe "Wuodog" {Fly Will+}
  4925 | D:5      | Reached skill level 6 in Fighting
  4925 | D:5      | Reached XP level 8. HP: 80/83 MP: 7/7
  4994 | D:6      | Found an opulent altar of Gozag.
  5162 | D:6      | Noticed a two-headed ogre
  5187 | D:6      | Killed a two-headed ogre
  5188 | D:6      | Reached skill level 7 in Fighting
  5188 | D:6      | Reached skill level 5 in Axes
  5325 | D:6      | Reached XP level 9. HP: 91/93 MP: 8/8
  5492 | D:7      | Noticed Pikel
  5509 | D:7      | Killed Pikel
  5611 | D:7      | Reached skill level 8 in Fighting
  5666 | D:7      | Noticed Harold
  5678 | D:7      | Slain by Harold

Illustrated notes

Levels and vault maps discovered:
D:1:      psy_arrival_dodecagon, layout_loops_cross, serial_shops, shop,
          minmay_small_reverse_x
D:2:      layout_basic, serial_glass, glass_columns_b, glass_columns_c,
          glass_columns_c, glass_columns_a, glass_columns_c, basic_altar,
          uniq_crazy_yiuf_cottage
D:3:      layout_basic, mainiacjoe_overflow_alcove_1
D:4:      layout_basic, gammafunk_temple_overflow_elements,
          minmay_temple_entry_drinking_statues, enter_ossuary_2, uniq_robin
D:5:      layout_rooms, minmay_overflow_temple_star_hex,
          kiku_gazebo_pond_becter, serial_curves, eino_curves_01,
          eino_curves_03, serial_shops, nicolae_shop_waterfront,
          gammafunk_ghost_grave, grunt_ministairs_1, kennysheep_generic_room_7
D:6:      layout_rooms, mainiacjoe_overflow_chevrons, grunt_ministairs_12
D:7:      layout_basic, minmay_manual_mares, uniq_harold, uniq_pikel
Temple:   nicolae_temple_figure_zero

Skill      XL: |  1  2  3  4  5  6  7  8  9 |
---------------+----------------------------+-----
Maces & Flails | 3 4 5 |  5.0
Fighting       | 3 4 5 6 7 8 |  8.0
Axes           | 1 3 5 6 |  6.4
Dodging        | |  2.4
Stealth        | |  1.0

Action                   |  1- 3 |  4- 6 |  7- 9 || total
-------------------------+-------+-------+-------++-------
Melee: Mace              |   155 |   170 |       ||   325
       Headbutt          |       |    10 |    19 ||    29
       Hand axe          |       |    11 |   100 ||   111
Throw: Boomerang         |       |     5 |       ||     5
       Javelin           |       |       |     3 ||     3
Evoke: Wand              |       |       |     7 ||     7
  Use: Potion            |       |     4 |       ||     4
 Stab: Sleeping          |     3 |     2 |     1 ||     6
Armor: Robe              |    76 |    66 |    36 ||   178
       Skin              |       |     9 |       ||     9
Dodge: Dodged            |   124 |   105 |    77 ||   306
